 Dungeon Crawl Stone Soup version 0.30-a0-52-g86a8295270 (webtiles) character file.

Game seed: 3657062180200479150

6 MrFrogsmire the Poker (level 2, -6/26 HPs)
             Began as a Meteoran Wanderer on Sept 7, 2022.
             Mangled by Edmund
             ... wielding a +8 vorpal flail
              (11 damage)
             ... on level 4 of the Dungeon.
             The game lasted 00:01:23 (140 turns).

MrFrogsmire the Poker (Meteoran Wanderer)            Turns: 140, Time: 00:01:24

Health: -6/26      AC:  2    Str: 11    XL:     2   Next: 11%
Magic:  1/5        EV: 11    Int: 12    God:
Gold:   29         SH:  0    Dex: 16    Spells: 2/3 levels left

rFire   . . .      SeeInvis .    a - +1 trident
rCold   . . .      Faith    .    (no shield)
rNeg    . . .      Spirit   .    c - +0 robe
rPois   .          Reflect  .    (no helmet)
rElec   .          Harm     .    (no cloak)
rCorr   .          Rampage  .    (no gloves)
Will    .....                    (no boots)
Stlth   +.........               (no amulet)
HPRegen 0.08/turn                (no ring)
MPRegen 0.09/turn                (no ring)

@: glowing
A: sense surroundings 1, otherworldly, glowing, explore regen
a: no special abilities


You were on level 4 of the Dungeon.
You visited 1 branch of the dungeon, and saw 4 of its levels.

You collected 29 gold pieces.

Inventory:

Hand Weapons
 a - a +1 trident (weapon)
Armour
 c - a +0 robe (worn)
Scrolls
 b - a scroll of blinking
 d - a scroll of magic mapping {unknown}


   Skills:
 + Level 3.3 Fighting
 + Level 4.0 Polearms
 + Level 1.2 Throwing
 + Level 1.2 Armour
 + Level 1.3 Spellcasting
 + Level 1.5 Fire Magic


You had 2 spell levels left.
You knew the following spells:

 Your Spells              Type           Power      Damage    Failure   Level
a - Foxfire               Conj/Fire      8%         2x1d4     22%         1

Your spell library contained the following spells:

 Spells                   Type           Power      Damage    Failure   Level
 Conjure Flame            Conj/Fire      2%         6-21      54%         3


Dungeon Overview and Level Annotations

Branches:
Dungeon (4/15) Zot: 2258
 Temple: D:4-7

Altars:

Annotations:
D:4 Edmund


Innate Abilities, Weirdness & Mutations

You passively map a small area around you.
You are easily found by Zot.
You glow in the dark.
You regain HP and MP as you explore.


Message History

You conjure some foxfire!
A ball python comes into view.
You conjure some foxfire!
The foxfire hits Edmund but does no damage.
The foxfire hits Edmund.
Edmund is lightly wounded.
The foxfire hits Edmund.
Edmund is lightly wounded.
The foxfire hits Edmund.
Edmund is lightly wounded.
You miscast Foxfire.
You are very lightly contaminated with residual magic.
Nothing appears to happen.
You conjure some foxfire!
The foxfire hits Edmund but does no damage.
Edmund is lightly wounded.
The foxfire hits Edmund but does no damage.
Edmund is lightly wounded.
You conjure some foxfire!
You are out of magic!
The foxfire hits Edmund but does no damage.
Edmund is lightly wounded.
The foxfire hits Edmund.
Edmund is moderately wounded.
The ball python bites you. The ball python misses you.
The ball python closely misses you. The ball python barely misses you.
Edmund hits you with a +8 vorpal flail!
Ouch! That really hurt!
You hit the ball python.
You kill the ball python!
Edmund barely misses you.
You hit Edmund but do no damage.
Edmund is moderately wounded.
Edmund hits you with a +8 vorpal flail.
* * * LOW HITPOINT WARNING * * *
x2 Your magical contamination has completely faded away.
You hit Edmund.
Edmund is moderately wounded.
Edmund hits you with a +8 vorpal flail!
You die...

#....# , , ,
#....# ** *
, #....# , *
#....#####
,#.........
, #.........
, ,
#......... ,
,,#.........
* #.@.......
,,
#..@.##### ,
#......#
,#....#.# ,
, , *
#....#... *
#....# #.. *
#..$.# .. *
#....# * , ,
* , #....# ,


You could see Edmund.

Vanquished Creatures
  A giant cockroach (D:1)
  A hobgoblin (D:1)
  2 quokkas
  A ball python (D:4)
5 creatures vanquished.

Vanquished Creatures (others)
  10 foxfires
10 creatures vanquished.

Grand Total: 15 creatures vanquished

Notes
Turn   | Place    | Note
-------+----------+-------------------------------------------
     0 | D:1      | MrFrogsmire the Meteoran Wanderer began the quest for the
                  | Orb.
     0 | D:1      | MrFrogsmire set off with the following items: a +1 trident,
                  | a scroll of blinking, a +0 robe; and the following spell
                  | memorised: Foxfire; and the following spells available to
                  | memorise: Conjure Flame.
     0 | D:1      | Reached XP level 1. HP: 19/19 MP: 3/3
    40 | D:1      | Reached skill level 4 in Polearms
   102 | D:3      | Reached XP level 2. HP: 23/26 MP: 5/5
   128 | D:4      | Noticed Edmund
   140 | D:4      | Mangled by Edmund

Illustrated notes

Levels and vault maps discovered:
D:1:      roderic_dead_forest, layout_basic, hellmonk_ecumenical_altar_zigzags,
          minmay_misc_feat_four_crosses, supply_closet_lemuel,
          minmay_tromino_v4_b
D:2:      layout_loops_cross
D:3:      layout_rooms, cheibrodos_sewer_entry_bend,
          corexii_item_surrounded_by_moat
D:4:      layout_basic, elyvilon_altar_1, slow_altar_1, uniq_edmund

Skill      XL: |  1 |
---------------+----+-----
Polearms       | 4 |  4.0
Fighting       | |  3.3
Throwing       | |  1.2
Armour         | |  1.2
Spellcasting   | |  1.3
Fire Magic     | |  1.5

Action                   || total
-------------------------++-------
Melee: Trident           ||    11
 Cast: Foxfire           ||     6
Armor: Robe              ||     2
Dodge: Dodged            ||     7

Table legend: (Time is in decaauts)
 A = Elapsed time spent in this place.
 B = Non-inter-level travel time spent in this place.
 C = Inter-level travel time spent in this place.
 D = Time resting spent in this place.
 E = Time spent auto-exploring this place.
 F = Levels seen in this place.
 G = Mean time per level.
                   A        B        C        D        E       F      G
               +--------+--------+--------+--------+--------+-----+--------+
         Total |    140 |     50 |     90 |      0 |      0 |   4 |   35.0 |
       Dungeon |    140 |     50 |     90 |      0 |      0 |   4 |   35.0 |
               +--------+--------+--------+--------+--------+-----+--------+

Top non-repeatable levels by time:
     D:1: 75 daAuts
     D:3: 45 daAuts
     D:4: 13 daAuts
     D:2: 5 daAuts
